 Dungeon Crawl Stone Soup version 0.22.1-1-ga44c0e5 (webtiles) character file.

2661 Irenicus the Geomancer (level 9, -11/68 HPs)
             Began as a Deep Dwarf Earth Elementalist on Sept 29, 2018.
             Was an Initiate of Makhleb.
             Mangled by a cyclops (31 damage)
             ... on level 7 of the Dungeon.
             The game lasted 00:30:07 (3258 turns).

Irenicus the Geomancer (DDEE)                       Turns: 3258, Time: 00:30:08

Health: -11/68     AC:  3    Str: 12    XL:     9   Next: 36%
Magic:  16/17      EV: 12    Int: 16    God:    Makhleb [......]
Gold:   411        SH:  0    Dex: 16    Spells: 6/22 levels left

rFire    + . .     SeeInvis +   i - +1 rapier (elec)
rCold    . . .     Gourm    .   (no shield)
rNeg     . . .     Faith    .   u - +0 leather armour {rF+}
rPois    .         Spirit   .   (no helmet)
rElec    .         Reflect  .   (no cloak)
rCorr    .         Harm     .   (no gloves)
MR       +....                  (no boots)
Stlth    ++........             h - amulet of magic regeneration
HPRegen  0.00/turn              o - ring of see invisible
MPRegen  0.40/turn              (no ring)

@: non-regenerating, invisible
A: damage resistance, heal wounds, sense surroundings 2, no regeneration
a: Heal Wounds, Renounce Religion


You were on level 7 of the Dungeon.
You worshipped Makhleb.
Makhleb was noncommittal.
You were hungry.

You visited 2 branches of the dungeon, and saw 9 of its levels.

You collected 510 gold pieces.
You spent 99 gold pieces at shops.

Inventory:

Hand Weapons
 i - a +1 rapier of electrocution (weapon)
 k - a +2 whip of freezing
Missiles
 b - 74 stones (quivered)
Armour
 e - a +1 leather armour
 s - a +0 buckler
 u - a +0 leather armour of fire resistance (worn)
Magical Staves
 c - an uncursed staff of air
Jewellery
 h - an amulet of magic regeneration (around neck)
 n - an uncursed amulet of the gourmand
 o - a ring of see invisible (left hand)
 q - an uncursed ring of ice
Wands
 r - a wand of disintegration (14)
 t - a wand of polymorph (8)
Scrolls
 j - 6 scrolls of remove curse
 m - 5 scrolls of teleportation
 p - 3 scrolls of identify
 v - 2 scrolls of enchant armour
Potions
 a - 6 potions of curing
 g - a potion of invisibility
 l - 2 potions of cancellation {unknown}
 w - a potion of magic {unknown}
Comestibles
 d - 10 rations


   Skills:
 - Level 2.1 Dodging
 - Level 2.4 Stealth
 + Level 7.2 Spellcasting
 - Level 4.1 Conjurations
 + Level 3.9 Translocations
 - Level 2.1 Transmutations
 - Level 10.2 Earth Magic


You had 6 spell levels left.
You knew the following spells:

 Your Spells              Type           Power        Failure   Level  Hunger
a - Sandblast             Erth           #####.       1%          1    None
b - Passwall              Tmut/Erth      ####....     1%          2    None
c - Stone Arrow           Conj/Erth      ####..       2%          3    ##.....
d - Lee's Rapid Deconstr  Erth           #####.....   6%          5    #####..
e - Apportation           Tloc           ###...       3%          1    None
p - Petrify               Tmut/Erth      ####....     12%         4    ####...

Your spell library contained the following spells:

 Spells                   Type           Power        Failure   Level  Hunger
 Magic Dart               Conj           ###.         2%          1    None
 Blink                    Tloc           N/A          4%          2    None
 Shock                    Conj/Air       ##..         7%          1    None
 Animate Skeleton         Necr           N/A          16%         1    None
 Confusing Touch          Hex            #.....       16%         1    None
 Summon Small Mammal      Summ           #...         16%         1    None
 Conjure Flame            Conj/Fire      ##......     21%         3    ##.....
 Static Discharge         Conj/Air       ##......     21%         3    ##.....
 Call Imp                 Summ           #.......     24%         2    None
 Slow                     Hex            #.......     24%         2    None
 Swiftness                Chrm/Air       #.......     24%         2    None
 Mephitic Cloud           Conj/Pois/Air  ##......     26%         3    ##.....
 Airstrike                Air            #.........   83%         4    ####...
 Lightning Bolt           Conj/Air       ##........   88%         5    #####..


Dungeon Overview and Level Annotations

Branches:
Dungeon (8/15)             Temple (1/1) D:7
   Lair: D:8-11

Altars:
Cheibriados
Dithmenos
Elyvilon
Hepliaklqana
Makhleb
Nemelex Xobeh
Okawaru
Qazlal
Ru
Sif Muna
Uskayaw
Vehumet
Wu Jian
Yredelemnul
Zin
The Shining One

Shops:
D:5 [


Innate Abilities, Weirdness & Mutations

You are resistant to damage.
You can heal yourself by infusing magical energy.
You passively map the area around you.
You do not regenerate.


Message History

You begin to meditate on the wall.
You continue meditating on the rock. x2
You finish merging with the rock.
Found 17 gold pieces.
Found a stone staircase leading up.
You see here 17 gold pieces.
You now have 411 gold pieces (gained 17).
Found 5 large rocks.
Found an escape hatch in the floor.
You see here 5 large rocks.
There is an escape hatch in the floor here.
Casting: Passwall (safe; 1% risk of failure)
Confirm with . or Enter, or press ? or * to list all spells.
Aiming: Passwall (safe; 1% risk of failure)
Press: ? - help, Dir - move target cursor A rock wall.
You begin to meditate on the wall.
You continue meditating on the rock. x2
You finish merging with the rock.
The cyclops shouts!
You fade into invisibility!
The cyclops hits you!!
You die...

, , #..,, ......( * ,
,#.# #######... ,, , *
#.#...# #### * *
#.#.#.# ##.. * * #..
#.#* ..#.#
#.###.##...+.#
#>.....'...#.#
#######.#.######...#..
#.>.#@C.#.#...##...###
#.#.#.###.#.#.##....##
####.#.#.. ..#.#
.+......
#..(.#.#######.#
#....## #.####.# #.#
#...### #.# #.#
#.####...#.. #.####.#
#........+.. #...<#.##
##########..
####....###
#...........


You could see a cyclops.

Vanquished Creatures
  Pikel (D:4)
  A troll (D:8)
  A water moccasin (D:8)
  An orc warrior (D:6)
  A sky beast (D:7)
  A black bear (D:7)
  3 ogres
  3 phantoms
  A centaur (D:6)
  A bullfrog (D:8)
  A scorpion (D:6)
  A crimson imp (D:6)
  A howler monkey (D:4)
  5 orc priests
  3 hounds
  A jelly (D:6)
  A centaur skeleton (D:4)
  4 iguanas
  2 orc wizards
  2 worker ants
  A hound skeleton (D:6)
  8 gnolls
  A howler monkey skeleton (D:5)
  6 adders
  An ooze (D:4)
  3 adder skeletons
  An adder zombie (D:7)
  A worm (D:2)
  2 leopard geckos
  19 orcs
  7 bats
  7 giant cockroaches
  18 goblins
  2 hobgoblins
  24 jackals
  A quokka (D:4)
  2 ball pythons
  2 frilled lizards
  A jackal skeleton (D:6)
  6 kobolds
  A leopard gecko skeleton (D:7)
  4 rats
153 creatures vanquished.

Vanquished Creatures (others)
  An orc (D:4)
1 creature vanquished.

Grand Total: 154 creatures vanquished

Notes
Turn   | Place    | Note
-------+----------+-------------------------------------------
     0 | D:1      | Irenicus the Deep Dwarf Earth Elementalist began the quest
                  | for the Orb.
     0 | D:1      | Reached XP level 1. HP: 15/15 MP: 3/3
   160 | D:1      | Reached XP level 2. HP: 13/22 MP: 0/4
   175 | D:1      | Reached skill level 5 in Earth Magic
   273 | D:2      | Reached XP level 3. HP: 16/28 MP: 1/5
   298 | D:2      | Found an ornate altar of the Wu Jian Council.
   404 | D:2      | Found a snail-covered altar of Cheibriados.
   526 | D:2      | Learned a level 2 spell: Passwall
   695 | D:3      | Reached skill level 6 in Earth Magic
   698 | D:3      | Reached XP level 4. HP: 26/36 MP: 1/6
   855 | D:3      | Found a white marble altar of Elyvilon.
   856 | D:3      | Found a radiant altar of Vehumet.
   856 | D:3      | Found a stormy altar of Qazlal.
  1011 | D:3      | Reached skill level 7 in Earth Magic
  1027 | D:3      | Found a faded altar of an unknown god.
  1242 | D:4      | Reached XP level 5. HP: 39/42 MP: 2/7
  1284 | D:4      | Learned a level 3 spell: Stone Arrow
  1306 | D:4      | Noticed an ogre
  1313 | D:4      | Reached skill level 1 in Conjurations
  1323 | D:4      | Killed an ogre
  1329 | D:4      | Reached XP level 6. HP: 29/49 MP: 5/9
  1369 | D:4      | Noticed a slave
  1370 | D:4      | Noticed Pikel
  1370 | D:4      | Noticed a slave
  1371 | D:4      | Found a hide-covered altar of Uskayaw.
  1371 | D:4      | Noticed a slave
  1372 | D:4      | Noticed a slave
  1393 | D:4      | Killed Pikel
  1393 | D:4      | Reached XP level 7. HP: 35/55 MP: 0/12
  1815 | D:5      | Entered Level 5 of the Dungeon
  1818 | D:5      | Reached skill level 1 in Transmutations
  1858 | D:5      | Reached skill level 8 in Earth Magic
  1921 | D:5      | Reached XP level 8. HP: 30/62 MP: 6/14
  1993 | D:5      | Reached skill level 5 in Spellcasting
  2125 | D:5      | Found Jioji's Armour Emporium.
  2130 | D:5      | Bought a +0 leather armour of fire resistance for 99 gold
                  | pieces
  2277 | D:6      | Reached skill level 9 in Earth Magic
  2464 | D:6      | Learned a level 5 spell: Lee's Rapid Deconstruction
  2491 | D:6      | Learned a level 4 spell: Petrify
  2566 | D:6      | Reached skill level 10 in Earth Magic
  2728 | D:6      | Learned a level 1 spell: Apportation
  2842 | D:7      | Reached skill level 1 in Translocations
  2842 | D:7      | Gained mutation: You passively map the area around you.
                  | [Deep Dwarf growth]
  2842 | D:7      | Reached XP level 9. HP: 19/68 MP: 6/17
  2969 | D:7      | Found a staircase to the Ecumenical Temple.
  2980 | Temple   | Entered the Ecumenical Temple
  2996 | Temple   | Became a worshipper of Makhleb the Destroyer
  3119 | D:8      | Noticed a troll
  3126 | D:8      | Killed a troll
  3258 | D:7      | Noticed a cyclops
  3258 | D:7      | Mangled by a cyclops

Skill      XL: |  1  2  3  4  5  6  7  8  9 |
---------------+----------------------------+-----
Spellcasting   | 2 4 6 7 |  7.2
Earth Magic    | 5 6 7 8 10 | 10.2
Conjurations   | 2 4 |  4.1
Transmutations | 1 2 |  2.1
Translocations | 1 3 |  3.9
Dodging        | |  2.1
Stealth        | |  2.4

Action                   |  1- 3 |  4- 6 |  7- 9 || total
-------------------------+-------+-------+-------++-------
Melee: Unarmed           |    42 |    12 |       ||    54
       Rapier            |       |    12 |    14 ||    26
 Cast: Sandblast         |    36 |    57 |   134 ||   227
       Passwall          |     4 |       |    32 ||    36
       Stone Arrow       |       |     1 |    37 ||    38
       Apportation       |       |       |     5 ||     5
 Abil: Heal Wounds       |     1 |     2 |     1 ||     4
  Use: Scroll            |     2 |     3 |     6 ||    11
       Potion            |     3 |       |     5 ||     8
 Stab: Invisible         |     4 |       |       ||     4
       Sleeping          |     1 |     1 |     2 ||     4
  Eat: Chunk             |       |     3 |     8 ||    11
Armor: Robe              |     2 |       |       ||     2
       Leather armour    |     4 |    37 |    17 ||    58
Dodge: Dodged            |    62 |    72 |    57 ||   191
